 Dungeon Crawl Stone Soup version 0.29.0-13-gc9e81de378 (webtiles) character file.

Game seed: 10006232240035904009

1045 RascalDebosk the Chopper (level 8, 0/70 HPs)
             Began as a Minotaur Berserker on Sept 9, 2022.
             Was a Priest of Trog.
             Slain by an ogre
             ... wielding a +0 giant spiked club
              (7 damage)
             ... on level 6 of the Dungeon on Sept 10, 2022.
             The game lasted 00:33:10 (5846 turns).

RascalDebosk the Chopper (Minotaur Berserker)       Turns: 5846, Time: 00:33:10

Health: 0/70       AC: 12    Str: 23    XL:     8   Next: 4%
Magic:  7/7        EV: 12    Int:  6    God:    Trog [***...]
Gold:   17         SH:  0    Dex:  9    Spells: 7/7 levels left

rFire   . . .      SeeInvis .   l - +0 hand axe (vorpal)
rCold   . . .      Faith    .   (no shield)
rNeg    . . .      Spirit   .   f - +1 steam dragon scales
rPois   .          Reflect  .   (helmet restricted)
rElec   .          Harm     .   (no cloak)
rCorr   .          Rampage  .   (no gloves)
Will    .....                   p - +0 pair of boots
Stlth   +.........              (no amulet)
HPRegen 0.21/turn               m - +4 ring of protection
MPRegen 0.10/turn               q - ring of flight

@: on berserk cooldown, flying, slowed, very slow
A: horns 2, retaliatory headbutt
a: Renounce Religion, Berserk, Trog's Hand


You were on level 6 of the Dungeon.
You worshipped Trog.
Trog was most pleased with you.
You visited 1 branch of the dungeon, and saw 6 of its levels.

You collected 206 gold pieces.
You spent 189 gold pieces at shops.

Inventory:

Hand Weapons
 a - a +1 hand axe
 l - a +0 vorpal hand axe (weapon)
Missiles
 d - 2 boomerangs (quivered)
 v - 4 boomerangs of dispersal
Armour
 f - +1 steam dragon scales (worn)
 p - a +0 pair of boots (worn)
 r - a +0 chain mail
Jewellery
 c - a ring of protection from fire
 m - a +4 ring of protection (left hand)
 q - a ring of flight (right hand)
Wands
 j - a wand of roots (9)
 o - a wand of mindburst (13)
 s - a wand of paralysis (9)
Scrolls
 h - 3 scrolls of enchant weapon
 i - 2 scrolls of teleportation
 n - a scroll of magic mapping {unknown}
 t - a scroll of summoning {unknown}
 u - a scroll of fog {unknown}
Potions
 b - 2 potions of haste
 e - a potion of curing
 g - a potion of resistance
 k - a potion of flight


   Skills:
 + Level 6.1 Fighting
 + Level 6.2 Axes
 + Level 3.9 Throwing
 + Level 5.4 Armour
 - Level 2.1 Dodging
 + Level 3.5 Evocations


You had 7 spell levels left.
You didn't know any spells.
Your spell library was empty.

Dungeon Overview and Level Annotations

Branches:
Dungeon (6/15)
 Temple: D:4-7

Altars:
Cheibriados
Gozag
Uskayaw
Vehumet
Yredelemnul

Shops:
D:1 *   D:4 (

Annotations:
D:6 Blork the orc


Innate Abilities, Weirdness & Mutations

You have a pair of horns on your head.
You reflexively headbutt those who attack you in melee.


Message History

You slash the hound! The hound misses you.
You have reached level 8!
You feel stronger.
You slash the hound!
You kill the hound!
Trog accepts your kill.
Things that are here:
a +0 halberd; a gnoll corpse You feel a strong urge to attack something.
Things that are here:
a +0 flail; a gnoll corpse You are no longer berserk.
You are exhausted.
You feel yourself slow down.
A hound comes into view.
Things that are here:
a +0 flail; a gnoll corpse An ogre comes into view.
It is wielding a +0 giant spiked club.
Things that are here:
a +0 halberd; a gnoll corpse The hound stops to sniff the ground.
Blork the orc comes into view.
He is wielding a +0 battleaxe and carrying a wand of flame (31).
The hound bites you but does no damage.
You see here 5 stones.
The hound barely misses you. The hound bites you but does no damage.
You see here a scroll of torment.
The hound completely misses you. The hound bites you but does no damage.
The hound barely misses you. The hound bites you.
* * * LOW HITPOINT WARNING * * *
You slash the hound!
The hound is severely wounded.
The hound bites you.
* * * LOW HITPOINT WARNING * * *
The hound closely misses you. x2; You furiously retaliate!
You headbutt the hound!
You kill the hound!
Trog accepts your kill.
The ogre hits you with a +0 giant spiked club!
You die...

..###.)####....#
...O..)†.))..>.##
..###.###)......#
..............#
###.###...(...#
.........?###
#.#####..(########
#.O.†.......
#@########## #.#
#.# #.#
#######.########
................
#######.########
#.# #.#


You could see an ogre.

Vanquished Creatures
  A steam dragon (D:4)
  An ogre (D:5)
  A black bear (D:4)
  A centaur (D:5)
  A gnoll sergeant (D:6)
  A scorpion (D:5)
  2 necrophages (D:5)
  3 hounds
  A jelly (D:5)
  2 iguanas
  An orc wizard (D:5)
  14 gnolls
  2 adders
  2 white imps
  A worm (D:3)
  5 dart slugs
  4 orcs
  6 bats
  6 endoplasms
  8 giant cockroaches
  6 goblins
  6 hobgoblins
  3 quokkas
  7 ball pythons
  4 frilled lizards
  7 kobolds
  4 rats
100 creatures vanquished.

Notes
Turn   | Place    | Note
-------+----------+-------------------------------------------
     0 | D:1      | RascalDebosk the Minotaur Berserker began the quest for the
                  | Orb.
     0 | D:1      | Reached XP level 1. HP: 19/19 MP: 0/0
   286 | D:1      | Reached XP level 2. HP: 27/27 MP: 1/1
   748 | D:1      | Found Xakhliarph's Assorted Antiques.
   756 | D:1      | Bought a bubbling orange potion for 21 gold pieces
  1015 | D:1      | Reached ** piety under Trog
  1135 | D:2      | Reached skill level 1 in Throwing
  1167 | D:2      | Reached XP level 3. HP: 33/33 MP: 2/2
  1370 | D:2      | Reached skill level 1 in Evocations
  1955 | D:3      | Found a radiant altar of Vehumet.
  1955 | D:3      | Found a hide-covered altar of Uskayaw.
  1955 | D:3      | Found an opulent altar of Gozag.
  2107 | D:3      | Reached XP level 4. HP: 10/40 MP: 3/3
  2964 | D:3      | Found a faded altar of an unknown god.
  3042 | D:4      | Noticed a black bear
  3049 | D:4      | Killed a black bear
  3050 | D:4      | Reached XP level 5. HP: 47/47 MP: 4/4
  3133 | D:4      | Noticed a steam dragon
  3144 | D:4      | Killed a steam dragon
  3145 | D:4      | Reached skill level 5 in Fighting
  3145 | D:4      | Reached skill level 5 in Axes
  3145 | D:4      | Reached XP level 6. HP: 15/56 MP: 5/5
  3488 | D:4      | Found Cuergh's Antique Weapon Shop.
  4144 | D:4      | Found a basalt altar of Yredelemnul.
  4144 | D:4      | Found a snail-covered altar of Cheibriados.
  4207 | D:5      | Entered Level 5 of the Dungeon
  4512 | D:5      | Reached XP level 7. HP: 52/61 MP: 6/6
  4951 | D:5      | Reached skill level 5 in Armour
  5058 | D:1      | Bought a garnet ring for 120 gold pieces
  5058 | D:1      | Bought a scroll labelled ENUOTICRISM for 24 gold pieces
  5058 | D:1      | Bought a scroll labelled JIB PERHA WAITT for 24 gold pieces
  5355 | D:5      | Reached *** piety under Trog
  5833 | D:6      | Reached XP level 8. HP: 15/70 MP: 7/7
  5840 | D:6      | Noticed Blork the orc
  5846 | D:6      | Slain by an ogre

Illustrated notes

Levels and vault maps discovered:
D:1:      dpeg_arrival_arbitrary_c, layout_basic, serial_shops, shop,
          due_unseen_surprise
D:2:      layout_basic
D:3:      layout_basic, chequers_temple_overflow_statue_of_worship,
          basic_ecumenical_altar, kennysheep_generic_room_16
D:4:      layout_loops_ring, gammafunk_temple_overflow_wave, serial_shops, shop
D:5:      layout_cave_pods
D:6:      layout_loops_ring, portal_sewer_entry_d, uniq_blork_the_orc

Skill      XL: |  1  2  3  4  5  6  7 |
---------------+----------------------+-----
Axes           | 4 5 6 |  6.2
Throwing       | 1 2 3 |  3.9
Fighting       | 4 5 6 |  6.1
Armour         | 3 4 5 |  5.4
Evocations     | 1 2 3 |  3.5
Dodging        | |  2.1

Action                   |  1- 3 |  4- 6 |  7- 9 || total
-------------------------+-------+-------+-------++-------
Melee: Hand axe          |    92 |    90 |    75 ||   257
       Headbutt          |    10 |    18 |    15 ||    43
       Punch             |       |     2 |     1 ||     3
Invok: Berserk           |       |     3 |     1 ||     4
  Use: Scroll            |       |    11 |     2 ||    13
Armor: Animal skin       |     8 |       |       ||     8
       Ring mail         |    22 |     7 |       ||    29
       Chain mail        |       |     9 |       ||     9
       Steam dragon scal |       |    24 |    37 ||    61
Dodge: Dodged            |    66 |    38 |    53 ||   157
